 Dungeon Crawl Stone Soup version 0.27-a0-899-ge2d0b17c59 (webtiles) character file.

Game seed: 6944320526525350470

2 CurlyBrace the Vexing (level 1, 2/7 HPs)
             Began as a Felid Enchanter on Apr 6, 2021.
             Quit the game on level 1 of the Dungeon.
             The game lasted 00:00:56 (86 turns).

CurlyBrace the Vexing (Felid Enchanter)               Turns: 86, Time: 00:00:56

Health: 2/7        AC:  1    Str:  4    XL:     1   Next: 33%
Magic:  4/4        EV: 17    Int: 16    God:
Gold:   13         SH:  0    Dex: 16    Spells: 3/4 levels left
                                        Lives:  0   Deaths: 0

rFire    . . .     SeeInvis +     - Unarmed
rCold    . . .     Faith    .   (shield unavailable)
rNeg     . . .     Spirit   .   (armour unavailable)
rPois    .         Reflect  .   (helmet unavailable)
rElec    .         Harm     .   (cloak unavailable)
rCorr    .         Rampage  .   (gloves unavailable)
Will     .....                  (boots unavailable)
Stlth    +++.......             (no amulet)
HPRegen  0.02/turn              (no ring)
MPRegen  0.09/turn              (no ring)

@: attractive, quick
A: very small, claws 1, fangs 3, see invisible, speed 1, shaggy fur 1, stealthy
paws, no weapons or thrown items, no armour, multi-lived
a: no special abilities


You were on level 1 of the Dungeon.
You visited 1 branch of the dungeon, and saw 1 of its levels.

You collected 13 gold pieces.

Inventory:

Scrolls
 d - a scroll of fog


   Skills:
 * Level 0.3 Fighting
 + Level 2.7 Dodging
 - Level 4.0 Stealth
 * Level 1.1 Unarmed Combat
 - Level 2.0 Spellcasting
 - Level 4.4 Hexes


You had 3 spell levels left.
You knew the following spells:

 Your Spells              Type           Power      Damage    Failure   Level
a - Corona                Hex            16%        N/A       3%          1

Your spell library contained the following spells:

 Spells                   Type           Power      Damage    Failure   Level
 Confusing Touch          Hex            15%        N/A       11%         3
 Tukima's Dance           Hex            15%        N/A       11%         3
 Ensorcelled Hibernation  Hex/Ice        16%        N/A       13%         2
 Dazzling Flash           Conj/Hex       16%        N/A       26%         3


Dungeon Overview and Level Annotations

Branches:
Dungeon (1/15)

Altars:


Innate Abilities, Weirdness & Mutations

You have sharp claws.
You have razor-sharp teeth.
You have supernaturally acute eyesight. (SInv)
You cover ground quickly. (Speed+)
You are covered in fur. (AC +1)
Your stealthy paws help you sneak and pounce on unaware monsters.
You are incapable of wielding weapons or throwing items.
You cannot wear armour.
You gain extra lives every three experience levels.


Message History

The bat completely misses you. The bat completely misses you.
The bat closely misses you.
The kobold throws a stone.
The stone hits you.
You see here a scroll labelled DAONTY KYAHE.
d - a scroll labelled DAONTY KYAHE The bat misses you.
The bat hits you. The hobgoblin closely misses you.
The kobold throws a stone.
The stone closely misses you. The hobgoblin completely misses you.
The bat hits you.
The kobold throws a stone.
The stone hits you.
* * * LOW HITPOINT WARNING * * *
The bat completely misses you. The bat closely misses you.
A bat and a hobgoblin come into view.
Found a stone staircase leading down.
The bat closely misses you.
A goblin comes into view. It is wielding a +0 club.
The goblin shouts!
The goblin moves out of view.
As you read the scroll labelled CITAYZ GAICZIG, it crumbles to dust.
It is a scroll of identify.
d - a scroll of fog The bat closely misses you.
Okay, then.
The bat barely misses you. x2
The bat closely misses you.
It was a potion of attraction.
You feel attractive to monsters. The bat barely misses you.
The kobold is pulled toward you! The bat is pulled toward you!
As you read the scroll labelled VUGICA SIRHU, it crumbles to dust.
You feel strangely unstable.
It was a scroll of teleportation.
The bat completely misses you. The bat is pulled toward you!
The bat is pulled toward you! The hobgoblin is pulled toward you!
The bat is pulled toward you! The bat closely misses you.
The bat closely misses you. The hobgoblin is pulled toward you!
The bat hits you but does no damage.
Your surroundings suddenly seem different.
You see here a +0 club.
Are you sure you want to abandon this character and quit the game? (Confirm with "yes".)

###### #....# ######....#
#g.....#@.##
#.##..##...##
########..##.#)....###
#..........)#.##.....#
+....bKg...##..##....#
##.K........#.........#
.#.######.............#
.#.######.........#####..
.....bg.+.........'......


There were no monsters in sight!

Vanquished Creatures
  2 goblins (D:1)
2 creatures vanquished.

Notes
Turn   | Place    | Note
-------+----------+-------------------------------------------
     0 | D:1      | CurlyBrace the Felid Enchanter began the quest for the Orb.
     0 | D:1      | Reached XP level 1. HP: 7/7 MP: 4/4
    86 | D:1      | Quit the game

Illustrated notes

Levels and vault maps discovered:
D:1:      dpeg_arrival_oval, layout_basic, ebering_ecumenical_altar_sacrificial,
          minmay_tetromino_s4

Action                   || total
-------------------------++-------
Melee: Unarmed           ||     3
  Use: Scroll            ||     2
       Potion            ||     1
 Stab: Sleeping          ||     2
Armor: Skin              ||     1
Dodge: Dodged            ||    27

Table legend: (Time is in decaauts)
 A = Elapsed time spent in this place.
 B = Non-inter-level travel time spent in this place.
 C = Inter-level travel time spent in this place.
 D = Time resting spent in this place.
 E = Time spent auto-exploring this place.
 F = Levels seen in this place.
 G = Mean time per level.
                   A        B        C        D        E       F      G
               +--------+--------+--------+--------+--------+-----+--------+
         Total |     71 |     71 |      0 |      0 |      0 |   1 |   71.0 |
       Dungeon |     71 |     71 |      0 |      0 |      0 |   1 |   71.0 |
               +--------+--------+--------+--------+--------+-----+--------+

Top non-repeatable levels by time:
     D:1: 71 daAuts
